cohdb
Replays
Latest Replays
All Replays
Popular Replays
Top Player Replays
Match Explorer
How It Works
Community
CoH3 Stats
Reddit
Sign in to upload your games and track your stats! →
Sign in with Steam
Match 43412276
Unlisted
Match 43412276
Overview
Messages
Build Orders
End
Vickers Machine Gun Team
Construct Section Command Post
Dingo Light Scout Car
Infantry Section
ML 3-inch Mortar Team
Infantry Section
Infantry Section
Construct Platoon Command Post
CMP 15cwt Truck
Construct Company Command Post
Selects Heavy Armor Battlegroup
Selects Light Vehicle Withdraw and Refit
Selects UNKNOWN (202330)
Selects Engineer Detachments
Crusader AA Medium Tank
Forward Retreat Point
Selects Forward Repair Assembly
Crusader AA Medium Tank
Selects UNKNOWN (2162094)
Churchill IV Heavy Tank
Selects Recon Artillery
Churchill IV Heavy Tank
Armored Vehicle Training
Recon Artillery
『FredrikNorheim』
Kim
丛雨丛雨丛
2908027075
Mask-6
noooob
vincent
Scathack skadi*
0
0
Comments
sign in to comment!
No comments posted yet!